[ AOE2 MATCH · #507024618 ]
UnrankedMongols vs Tupi
Player's team · WIN
Rival team · LOSS
[ REPLAY ANALYSIS · EXTRACTED FROM THE RECORDED GAME ]
Feudal
7:37
Castle
23:25
Imperial
—
| APM avg | 69.9 |
| APM peak | 86 |
| eAPM avg | 27.0 |
| Villagers / military | 56 / 36 |
Focus
⚔️ 39.7% · 🌾 60.3%
Archer ×20 · Scout Cavalry ×12 · Skirmisher ×3 · Knight ×1
Feudal
8:53
Castle
—
Imperial
—
| APM avg | 70.6 |
| APM peak | 99 |
| eAPM avg | 23.4 |
| Villagers / military | 68 / 45 |
Focus
⚔️ 36.3% · 🌾 63.7%
Archer ×23 · Spearman ×11 · Skirmisher ×11 · Unknown (2550) ×6
Match map
Initial resources + every placement click. Lines = walls · curves = elevation contours. ◆ gold · ⬟ stone · ● berries · ✦ relic · ◌ wall gap
Your base· Open — 4t gap
Zezlot's base· Open — unwalled flank
Smoothed initial terrain · ◌ = detected wall gap · hover for details
Inputs per minute
— TAG_MbL_ - - Zezlot
Build order — TAG_MbL_
First 150 of 163 actions detected
| 0:00 | Create | Villager (Male) ×4 |
| 0:01 | Build | House |
| 0:02 | Build | House |
| 1:29 | Create | Villager (Male) |
| 1:49 | Create | Villager (Male) |
| 1:59 | Build | Lumber Camp |
| 2:13 | Create | Villager (Male) |
| 2:31 | Create | Villager (Male) |
| 2:51 | Create | Villager (Male) |
| 3:06 | Create | Villager (Male) |
| 3:44 | Create | Villager (Male) |
| 3:48 | Build | House |
| 4:01 | Create | Villager (Male) |
| 4:06 | Build | House |
| 4:35 | Create | Villager (Male) |
| 4:46 | Build | Mill |
| 5:27 | Research | Feudal Age |
| 6:05 | Create | Villager (Male) |
| 6:34 | Build | Barracks |
| 7:33 | Create | Villager (Male) |
| 7:37 | Age | Feudal Age |
| 7:38 | Build | Stable |
| 8:03 | Research | Double-Bit Axe |
| 8:05 | Create | Villager (Male) |
| 8:13 | Create | Villager (Male) |
| 8:15 | Build | House |
| 8:25 | Create | Scout Cavalry |
| 8:25 | Create | Scout Cavalry |
| 8:26 | Create | Villager (Male) |
| 8:58 | Build | House |
| 9:11 | Build | Farm |
| 9:17 | Research | Loom |
| 9:19 | Build | Farm |
| 9:22 | Build | Farm |
| 9:26 | Build | House |
| 9:29 | Create | Scout Cavalry |
| 9:33 | Create | Villager (Male) |
| 9:46 | Build | Farm |
| 9:54 | Create | Villager (Male) |
| 10:29 | Create | Villager (Male) |
| 10:40 | Build | Archery Range |
| 10:44 | Create | Villager (Male) |
| 11:07 | Build | Mining Camp |
| 11:21 | Create | Villager (Male) |
| 11:37 | Create | Archer |
| 11:42 | Create | Villager (Male) |
| 11:54 | Create | Villager (Male) |
| 11:55 | Build | Mill |
| 11:57 | Build | Farm |
| 11:59 | Build | Palisade Wall |
| 12:01 | Build | Palisade Wall |
| 12:03 | Build | Palisade Wall |
| 12:26 | Create | Villager (Male) |
| 12:27 | Create | Archer |
| 12:33 | Create | Scout Cavalry |
| 12:33 | Create | Scout Cavalry |
| 12:34 | Create | Villager (Male) |
| 12:35 | Create | Villager (Male) |
| 12:37 | Build | Palisade Wall |
| 12:38 | Build | House |
| 12:40 | Build | House |
| 12:41 | Create | Villager (Male) |
| 12:47 | Build | Palisade Wall |
| 12:50 | Build | House |
| 13:23 | Create | Villager (Male) |
| 13:24 | Create | Scout Cavalry |
| 13:25 | Create | Archer |
| 13:25 | Create | Archer |
| 13:33 | Build | House |
| 13:37 | Build | House |
| 13:55 | Create | Scout Cavalry |
| 13:56 | Create | Archer |
| 14:06 | Build | Farm |
| 14:06 | Build | Farm |
| 14:14 | Build | Blacksmith |
| 14:21 | Create | Villager (Male) |
| 14:23 | Build | Farm |
| 14:23 | Build | Farm |
| 14:25 | Build | Farm |
| 14:26 | Build | Farm |
| 14:32 | Create | Archer |
| 14:38 | Create | Scout Cavalry |
| 14:49 | Create | Villager (Male) |
| 14:52 | Build | Farm |
| 15:01 | Create | Skirmisher |
| 15:16 | Build | Farm |
| 15:16 | Build | Farm |
| 15:17 | Research | Fletching |
| 15:28 | Create | Villager (Male) |
| 15:47 | Create | Villager (Male) |
| 16:01 | Create | Skirmisher |
| 16:01 | Create | Skirmisher |
| 16:14 | Create | Villager (Male) |
| 16:14 | Create | Villager (Male) |
| 16:19 | Create | Villager (Male) |
| 16:21 | Build | Farm |
| 16:21 | Build | Farm |
| 16:22 | Build | Farm |
| 16:22 | Create | Villager (Male) |
| 16:46 | Create | Archer |
| 16:47 | Create | Villager (Male) |
| 16:53 | Build | Watch Tower |
| 17:02 | Create | Scout Cavalry |
| 17:06 | Build | Mining Camp |
| 17:06 | Create | Villager (Male) |
| 17:13 | Research | Padded Archer Armor |
| 17:23 | Create | Archer |
| 17:27 | Create | Villager (Male) |
| 17:57 | Create | Archer |
| 17:58 | Create | Scout Cavalry |
| 17:58 | Create | Scout Cavalry |
| 18:06 | Create | Villager (Male) |
| 18:14 | Build | Watch Tower |
| 18:47 | Create | Villager (Male) |
| 19:03 | Create | Villager (Male) |
| 19:04 | Build | Farm |
| 19:05 | Build | Farm |
| 19:06 | Build | Farm |
| 19:14 | Create | Archer |
| 19:26 | Create | Villager (Male) |
| 19:38 | Build | Watch Tower |
| 19:56 | Create | Villager (Male) |
| 20:05 | Build | Farm |
| 20:08 | Create | Archer |
| 20:08 | Create | Archer |
| 20:45 | Research | Castle Age |
| 20:47 | Build | House |
| 20:53 | Create | Archer |
| 20:59 | Build | Archery Range |
| 21:00 | Create | Villager (Male) |
| 21:17 | Create | Archer |
| 21:19 | Create | Scout Cavalry |
| 21:21 | Build | Farm |
| 21:25 | Create | Villager (Male) |
| 21:26 | Build | House |
| 21:49 | Create | Villager (Male) |
| 21:54 | Research | Gold Mining |
| 22:00 | Research | Horse Collar |
| 22:01 | Create | Archer |
| 22:06 | Create | Villager (Male) |
| 22:37 | Create | Villager (Male) |
| 22:40 | Create | Archer |
| 22:43 | Build | Watch Tower |
| 22:45 | Create | Villager (Male) |
| 22:48 | Create | Archer |
| 22:48 | Create | Archer |
| 22:55 | Build | Watch Tower |
| 23:00 | Build | Farm |
| 23:18 | Build | Farm |
| 23:22 | Build | Farm |
Build order — Zezlot
First 150 of 167 actions detected
| 0:00 | Create | Villager (Male) |
| 0:02 | Build | House |
| 0:03 | Build | House |
| 0:16 | Create | Villager (Male) |
| 0:20 | Create | Villager (Male) |
| 0:22 | Create | Villager (Male) |
| 1:04 | Create | Villager (Male) |
| 1:28 | Create | Villager (Male) |
| 1:28 | Create | Villager (Male) |
| 1:45 | Build | Settlement |
| 1:57 | Create | Villager (Male) |
| 2:43 | Create | Villager (Male) |
| 3:14 | Create | Villager (Male) |
| 3:18 | Create | Villager (Male) |
| 4:13 | Create | Villager (Male) |
| 4:14 | Create | Villager (Male) |
| 4:37 | Create | Villager (Male) |
| 4:45 | Create | Villager (Male) |
| 4:49 | Create | Villager (Male) |
| 5:17 | Build | Barracks |
| 5:50 | Create | Villager (Male) |
| 5:50 | Research | Loom |
| 5:57 | Create | Villager (Male) |
| 6:03 | Create | Villager (Male) |
| 6:10 | Create | Villager (Male) |
| 6:26 | Research | Feudal Age |
| 6:39 | Create | Unit 2550 |
| 7:00 | Create | Unit 2550 |
| 7:15 | Create | Unit 2550 |
| 7:28 | Build | House |
| 7:33 | Build | Settlement |
| 7:50 | Create | Villager (Male) |
| 7:59 | Create | Unit 2550 |
| 8:14 | Build | Palisade Wall |
| 8:21 | Build | Palisade Wall |
| 8:24 | Build | Palisade Wall |
| 8:25 | Create | Villager (Male) |
| 8:52 | Create | Villager (Male) |
| 8:53 | Age | Feudal Age |
| 8:56 | Research | Tech 1402 |
| 8:59 | Create | Spearman |
| 9:07 | Create | Spearman |
| 9:09 | Research | Tech 1402 |
| 9:10 | Create | Villager (Male) |
| 9:10 | Create | Villager (Male) |
| 9:13 | Research | Double-Bit Axe |
| 9:37 | Create | Spearman |
| 9:46 | Create | Villager (Male) |
| 10:12 | Create | Spearman |
| 10:12 | Create | Villager (Male) |
| 10:16 | Build | House |
| 10:19 | Build | Palisade Wall |
| 10:22 | Create | Spearman |
| 10:23 | Create | Unit 2550 |
| 10:29 | Create | Villager (Male) |
| 10:30 | Build | Farm |
| 10:30 | Build | Farm |
| 10:30 | Build | Farm |
| 10:50 | Create | Villager (Male) |
| 10:54 | Create | Villager (Male) |
| 11:06 | Create | Unit 2550 |
| 11:16 | Build | Archery Range |
| 11:20 | Create | Villager (Male) |
| 11:31 | Build | Farm |
| 11:50 | Create | Villager (Male) |
| 11:59 | Build | House |
| 12:20 | Build | Farm |
| 12:20 | Create | Archer |
| 12:21 | Create | Archer |
| 12:31 | Create | Spearman |
| 12:32 | Create | Villager (Male) |
| 12:33 | Create | Archer |
| 12:45 | Create | Villager (Male) |
| 12:47 | Build | Farm |
| 13:16 | Create | Archer |
| 13:22 | Create | Spearman |
| 13:34 | Create | Spearman |
| 14:00 | Create | Archer |
| 14:00 | Create | Villager (Male) |
| 14:03 | Create | Villager (Male) |
| 14:06 | Create | Spearman |
| 14:07 | Create | Spearman |
| 14:21 | Create | Villager (Male) |
| 14:23 | Build | Blacksmith |
| 14:25 | Build | Farm |
| 15:00 | Create | Spearman |
| 15:01 | Create | Archer |
| 15:01 | Create | Archer |
| 15:02 | Create | Villager (Male) |
| 15:04 | Build | House |
| 15:05 | Create | Villager (Male) |
| 15:09 | Research | Fletching |
| 15:25 | Create | Villager (Male) |
| 15:26 | Build | House |
| 15:27 | Build | House |
| 15:42 | Create | Villager (Male) |
| 15:43 | Create | Archer |
| 15:59 | Create | Archer |
| 15:59 | Create | Villager (Male) |
| 16:03 | Build | Stone Wall |
| 16:05 | Build | Farm |
| 16:16 | Create | Archer |
| 16:19 | Create | Skirmisher |
| 16:19 | Create | Villager (Male) |
| 16:22 | Build | Watch Tower |
| 16:42 | Create | Archer |
| 16:54 | Build | Palisade Wall |
| 16:55 | Build | Palisade Wall |
| 17:04 | Create | Archer |
| 17:16 | Build | Settlement |
| 17:18 | Create | Villager (Male) |
| 17:27 | Create | Villager (Male) |
| 17:28 | Create | Villager (Male) |
| 17:30 | Create | Archer |
| 17:35 | Create | Villager (Male) |
| 17:46 | Create | Archer |
| 17:50 | Create | Villager (Male) |
| 17:54 | Create | Villager (Male) |
| 18:06 | Create | Archer |
| 18:11 | Build | Archery Range |
| 18:22 | Build | Watch Tower |
| 18:53 | Create | Archer |
| 18:53 | Create | Villager (Male) |
| 18:59 | Create | Archer |
| 18:59 | Create | Villager (Male) |
| 19:03 | Create | Archer |
| 19:03 | Create | Villager (Male) |
| 19:20 | Create | Archer |
| 19:20 | Create | Archer |
| 19:21 | Create | Archer |
| 19:23 | Create | Archer |
| 19:23 | Create | Villager (Male) |
| 19:25 | Create | Villager (Male) |
| 19:31 | Build | Farm |
| 19:45 | Create | Archer |
| 19:46 | Create | Villager (Male) |
| 19:52 | Build | Watch Tower |
| 20:02 | Build | Watch Tower |
| 20:37 | Create | Villager (Male) |
| 20:43 | Create | Villager (Male) |
| 20:59 | Create | Villager (Male) |
| 21:16 | Build | Farm |
| 21:27 | Create | Villager (Male) |
| 21:28 | Create | Villager (Male) |
| 21:40 | Create | Skirmisher |
| 21:40 | Create | Skirmisher |
| 21:51 | Create | Skirmisher |
| 21:51 | Create | Villager (Male) |
| 21:59 | Build | Watch Tower |
| 22:28 | Create | Villager (Male) |
Match timeline
| 5:17 | Zezlot · first_building Barracks |
| 6:34 | TAG_MbL_ · first_building Barracks |
| 7:37 | TAG_MbL_ · age_up feudal |
| 7:38 | TAG_MbL_ · first_building Stable |
| 8:14 | Zezlot · wall_segment Palisade Wall x1 |
| 8:21 | Zezlot · wall_segment Palisade Wall x1 |
| 8:24 | Zezlot · wall_segment Palisade Wall x1 |
| 8:53 | Zezlot · age_up feudal |
| 10:19 | Zezlot · wall_segment Palisade Wall x2 |
| 10:40 | TAG_MbL_ · first_building Archery Range |
| 11:16 | Zezlot · first_building Archery Range |
| 11:59 | TAG_MbL_ · wall_segment Palisade Wall x1 |
| 12:01 | TAG_MbL_ · wall_segment Palisade Wall x1 |
| 12:03 | TAG_MbL_ · wall_segment Palisade Wall x1 |
| 12:37 | TAG_MbL_ · wall_segment Palisade Wall x1 |
| 12:47 | TAG_MbL_ · wall_segment Palisade Wall x1 |
| 16:03 | Zezlot · wall_segment Stone Wall x1 |
| 16:54 | Zezlot · wall_segment Palisade Wall x1 |
| 16:55 | Zezlot · wall_segment Palisade Wall x1 |
| 23:25 | TAG_MbL_ · age_up castle |
| 25:07 | Zezlot · resign |
[ AI ANALYSIS · 1 CREDIT ]
What really happened in this match?
Wolo.gg analyzes every decision: build order, eco, micro, common mistakes by bracket. Personalized analysis on WhatsApp or Discord in 30 seconds.
Civ guide
Mongols
Perfil
Jugador #251265